 Dungeon Crawl Stone Soup version 0.27.1 (webtiles) character file.

Game seed: 3132740216161038066

11 nxtlvl the Charlatan (level 2, -1/16 HPs)
             Began as a Deep Elf Artificer on Aug 31, 2021.
             Slain by Terence (5 damage)
             ... on level 2 of the Dungeon.
             The game lasted 00:02:04 (175 turns).

nxtlvl the Charlatan (Deep Elf Artificer)            Turns: 175, Time: 00:02:05

Health: -1/16      AC:  3    Str:  9    XL:     2   Next: 13%
Magic:  4/4        EV: 12    Int: 15    God:
Gold:   18         SH:  0    Dex: 15    Spells: 1/1 levels left

rFire    . . .     SeeInvis .   a - +0 club
rCold    . . .     Faith    .   (no shield)
rNeg     . . .     Spirit   .   b - +0 leather armour
rPois    .         Reflect  .   (no helmet)
rElec    .         Harm     .   (no cloak)
rCorr    .         Rampage  .   (no gloves)
Will     .....                  (no boots)
Stlth    ++........             (no amulet)
HPRegen  0.05/turn              (no ring)
MPRegen  0.09/turn              (no ring)

@: no status effects
A: no striking features
a: no special abilities


You were on level 2 of the Dungeon.
You visited 1 branch of the dungeon, and saw 2 of its levels.

You collected 18 gold pieces.

Inventory:

Hand Weapons
 a - a +0 club (weapon)
 f - a +0 dagger
Armour
 b - a +0 leather armour (worn)
Wands
 c - a wand of flame (5) (quivered)
 d - a wand of charming (15)
Scrolls
 g - a scroll of enchant weapon {unknown}
Miscellaneous
 e - a piece from Xom's chessboard (15/15)


   Skills:
 - Level 0.7 Fighting
 - Level 0.7 Armour
 - Level 2.4 Dodging
 - Level 1.2 Stealth
 + Level 4.0 Evocations


You had one spell level left.
You didn't know any spells.
Your spell library was empty.

Dungeon Overview and Level Annotations

Branches:
Dungeon (2/15)

Altars:
Cheibriados

Annotations:
D:2 Terence


Message History

Aim: Terence, wielding a +0 short sword and wearing a +3 scale mail of cold resistance (lightly wounded, 75% to hit)
The puff of flame hits Terence but does no damage.
Terence is lightly wounded.
Aiming: Throw Flame
Press: ? - help, Shift-Dir - straight line, f/p - Terence
Aim: Terence, wielding a +0 short sword and wearing a +3 scale mail of cold resistance (lightly wounded, 75% to hit)
The puff of flame hits Terence.
Terence is moderately wounded.
Aiming: Throw Flame
Press: ? - help, Shift-Dir - straight line, f/p - Terence
Aim: Terence, wielding a +0 short sword and wearing a +3 scale mail of cold resistance (moderately wounded, 75% to hit)
The puff of flame hits Terence.
Terence is moderately wounded.
Aiming: Throw Flame
Press: ? - help, Shift-Dir - straight line, f/p - Terence
Aim: Terence, wielding a +0 short sword and wearing a +3 scale mail of cold resistance (moderately wounded, 75% to hit)
The puff of flame hits Terence.
Terence is heavily wounded.
Terence drinks a potion.
Terence is healed!
Aiming: Throw Flame
Press: ? - help, Shift-Dir - straight line, f/p - Terence
Aim: Terence, wielding a +0 short sword and wearing a +3 scale mail of cold resistance (75% to hit)
The puff of flame hits Terence.
Terence is lightly wounded.
Terence hits you with a +0 short sword!
Ouch! That really hurt!
Aiming: Throw Flame
Press: ? - help, Shift-Dir - straight line, f/p - Terence
Aim: Terence, wielding a +0 short sword and wearing a +3 scale mail of cold resistance (lightly wounded, 75% to hit)
The puff of flame hits Terence but does no damage.
Terence is lightly wounded.
Terence hits you with a +0 short sword.
* * * LOW HITPOINT WARNING * * *
Aiming: Throw Flame
Press: ? - help, Shift-Dir - straight line, f/p - Terence
Aim: Terence, wielding a +0 short sword and wearing a +3 scale mail of cold resistance (lightly wounded, 75% to hit)
The puff of flame hits Terence.
Terence is moderately wounded.
Terence hits you with a +0 short sword.
You die...

#.#
#..#..#.##.#.#
#.# #..#..#.#
.... #.#
#..##.#.##...#
###.###..........
..
#.........#......
#...)...........
##.#####.####.##.
#...............
########@####....
#.@........
#.........
#.........
#.....#...
##+#..# .# ..# .
...


You could see Terence.

Vanquished Creatures
  An adder (D:2)
  A goblin (D:1)
  A kobold (D:2)
3 creatures vanquished.

Notes
Turn   | Place    | Note
-------+----------+-------------------------------------------
     0 | D:1      | nxtlvl the Deep Elf Artificer began the quest for the Orb.
     0 | D:1      | Reached XP level 1. HP: 11/11 MP: 3/3
    95 | D:2      | Reached skill level 4 in Evocations
    95 | D:2      | Reached XP level 2. HP: 11/16 MP: 4/4
    95 | D:2      | Found a snail-covered altar of Cheibriados.
   146 | D:2      | Noticed Terence
   175 | D:2      | Slain by Terence

Illustrated notes

Levels and vault maps discovered:
D:1:      elethiomel_arrival_maze, layout_basic, ebering_ecumenical_altar_mist
D:2:      layout_basic, basic_altar, uniq_terence, uniq_robin

Skill      XL: |  1 |
---------------+----+-----
Evocations     | 4 |  4.0
Fighting       | |  0.7
Armour         | |  0.7
Dodging        | |  2.4
Stealth        | |  1.2

Action                   || total
-------------------------++-------
Melee: Club              ||    12
Evoke: Wand              ||    10
Armor: Leather armour    ||     2
Dodge: Dodged            ||     6
